 Dungeon Crawl Stone Soup version 0.18.1-8-gdd0e5ea (console) character file.

100865 Kloppie the Fencer (level 16, -2/138 HPs)
             Began as a Formicid Fighter on June 4, 2016.
             Was the Champion of Okawaru.
             Killed from afar by Azrael (28 damage)
             ... with damnation
             ... on level 13 of the Dungeon.
             The game lasted 01:08:19 (30168 turns).

Kloppie the Fencer (Formicid Fighter)              Turns: 30168, Time: 01:08:20

Health: -2/138     AC: 28    Str: 21    XL:     16   Next: 80%
Magic:  0/21       EV: 32    Int:  8    God:    Okawaru [******]
Gold:   1725       SH: 15    Dex: 25    Spells: 0 memorised, 15 levels left

rFire  + + .     SeeInvis +     a - +2 great sword (protect)
rCold  + . .     Gourm    .     g - +1 chain mail {rN+}
rNeg   + . .     Faith    .     c - +0 shield
rPois  +         Spirit   +     (helmet unavailable)
rElec  +         Dismiss  .     K - +0 cloak {rPois}
rCorr  +         Reflect  .     G - +2 pair of gloves {Dex+3}
SustAt .         Harm     .     (no boots)
MR     +....                    J - amulet of guardian spirit
Stlth  +.........               n - ring of protection from fire
                                B - +4 ring of evasion

@: agile, liquid flames, resistant, heroism, glowing, somewhat resistant to
hostile enchantments, very unstealthy
A: permanent stasis, dig shafts and tunnels, four strong arms, antennae 3,
repulsion field 1, slimy green scales 1, agile 1, weak 1, MP-powered wands
a: Dig, Shaft Self, Heroism, Finesse, Renounce Religion


You were on level 13 of the Dungeon.
You worshipped Okawaru.
Okawaru was exalted by your worship.
You were hungry.

You visited 4 branches of the dungeon, and saw 24 of its levels.
You also visited: Ice Cave.

You collected 2890 gold pieces.
You spent 1165 gold pieces at shops.

Inventory:

Hand Weapons
 a - a +2 great sword of protection (weapon)
 b - the +6 scimitar of Vijotaasm {flame, *Confuse Int+4 Dex+2}
   (Okawaru gifted it to you on level 1 of the Lair of Beasts)

   It has been specially enchanted to burn those struck by it, causing extra
   injury to most foes and up to half again as much damage against particularly
   susceptible opponents.
   Big, fiery blades are also staple armaments of hydra-hunters.
   It affects your intelligence (+4).
   It affects your dexterity (+2).
   It may confuse you when you take damage.
 h - a +0 triple sword of slicing
 w - a +4 scimitar of holy wrath
Armour
 c - a +0 shield (worn)
 g - a +1 chain mail of positive energy (worn)
 u - the +1 cloak "Zeushrem" {rCorr Str+2 SInv Stlth-}
   (Okawaru gifted it to you on level 8 of the Lair of Beasts)

   It affects your strength (+2).
   It lets you see invisible.
   It protects you from acid and corrosion.
   It makes you less stealthy.
 G - a +2 pair of gloves of dexterity (worn)
 K - a +0 cloak of poison resistance (worn)
Jewellery
 k - an uncursed ring of ice
 n - a ring of protection from fire (right hand)
 x - an uncursed ring of resist corrosion
 A - an uncursed ring of positive energy
 B - a +4 ring of evasion (left hand)
 C - an uncursed amulet of dismissal
 J - an amulet of guardian spirit (around neck)
Wands
 i - a wand of lightning (6/15)
 m - a wand of heal wounds (4/9)
 y - a wand of slowing (9/48)
 D - a wand of digging (10/24)
 F - a wand of acid (5/15)
 Q - a wand of iceblast (10/15)
 R - a wand of lightning (9/15)
 S - a wand of flame (7/48)
Scrolls
 j - a scroll of enchant weapon
 p - 3 scrolls of recharging
 v - 8 scrolls of remove curse
 M - a scroll of magic mapping
Potions
 e - 3 potions of cancellation
 l - a potion of resistance
 o - 5 potions of curing
 q - 3 potions of flight
 r - 3 potions of lignification
 t - 3 potions of ambrosia
 z - 5 potions of cure mutation
 I - 5 potions of agility
 O - 2 potions of invisibility
 U - 2 potions of might
Miscellaneous
 H - an ornate deck of defence
 L - a phial of floods
 T - a fan of gales
Comestibles
 d - 2 chunks of flesh
 f - 8 bread rations
 s - 7 meat rations


   Skills:
 + Level 15.8(20.8) Fighting
 + Level 16.1(21.1) Long Blades
 - Level 13.8(18.8) Armour
 - Level 9.1(14.1) Dodging
 - Level 9.2(14.2) Shields
 - Level 7.5 Invocations


You had 15 spell levels left.
You didn't know any spells.

Dungeon Overview and Level Annotations

Branches:
Dungeon (13/15)            Temple (1/1) D:4            Lair (8/8) D:8
  Swamp (0/4) Lair:6        Snake (0/4) Lair:5        Slime (0/6) Lair:7
    Orc (2/2) D:12            Elf (0/3) Orc:2
 Vaults: D:13-14

Altars:
Ashenzari
Cheibriados
Dithmenos
Elyvilon
Fedhas
Gozag
Kikubaaqudgha
Makhleb
Nemelex Xobeh
Okawaru
Pakellas
Qazlal
Ru
Sif Muna
Trog
Vehumet
Xom
Yredelemnul
Zin
The Shining One
Beogh

Shops:
D:5 *   Orc:2 ([:*

Annotations:
D:3 Purgy
D:13 Azrael


Innate Abilities, Weirdness & Mutations

You are under a permanent stasis effect.
You can dig through walls and to a lower floor.
Your four strong arms can wield two-handed weapons with a shield.
You have a pair of large antennae on your head (SInv).
You are surrounded by a mild repulsion field (EV +2).
You are partially covered in slimy green scales (AC +2).
You are agile. (Dex +2)
You are weak. (Str -2)
You expend magic power (3 MP) to strengthen your wands.


Message History

Azrael is severely wounded.
You hit Azrael but do no damage.
Azrael is severely wounded.
Azrael gestures at you. The sticky flame hits you! You resist.
You are covered in liquid flames!
You hit Azrael.
Azrael is severely wounded.
You are covered in liquid flames!
Azrael drinks a potion.
Azrael is healed!
You slice Azrael!!
Azrael is almost dead.
You are covered in liquid flames!
You barely miss Azrael.
Azrael is almost dead.
You are covered in liquid flames!
* * * LOW HITPOINT WARNING * * *
Azrael gestures at you.
The damnation unfurls!
The damnation engulfs you!
You die...

...# §§.# #§.# ##+
#.E# #..... #.§#
#..... #§.# #.....
###..# #..... #@R..#
#..... ###..# #.....
#..###### #.....
#.........#.....
#.........######
######...............
#.........#####......
#.........# #......
#.......<.# #......


You could see Azrael.

Vanquished Creatures
  Rupert (Lair:4)
  Kirke (Lair:6)
  The ghost of nocturnal the Scorcher, a journeyman DEFE of Sif Muna (D:13)
  A stone giant (Orc:1)
  3 ettins
  Snorg (Lair:6)
  Josephine (Orc:2)
  2 ice dragons (IceCv)
  A fire dragon (Lair:8)
  8 hydras
  A centaur warrior (D:13)
  19 death yaks
  The ghost of Peloso the Blocker, a novice MiFi of Okawaru (D:8)
  3 hill giants
  8 griffons
  A manticore (D:11)
  An ugly thing (D:12)
  An orc sorcerer (Orc:1)
  11 elephants
  12 cyclopes
  2 ice statues (IceCv)
  Maurice (D:10)
  7 black mambas
  3 gargoyles
  10 spiny frogs
  2 rime drakes (Lair:8)
  8 komodo dragons
  5 trolls
  12 polar bears
  A boulder beetle (Lair:1)
  9 blink frogs
  3 raiju (Lair:8)
  6 wraiths
  93 yaks
  4 fire elementals (D:13)
  A hog (Lair:6)
  3 basilisks (Lair:8)
  8 hippogriffs
  A hungry ghost (D:6)
  Grum (D:10)
  A hippogriff (shapeshifter) (D:13)
  5 steam dragons
  4 vampire mosquitoes (D:12)
  Menkaure (D:7)
  3 mottled dragons
  7 wargs
  2 nagas (Lair:5)
  14 water moccasins
  11 hell hounds
  19 ice beasts
  10 porcupines
  22 black bears
  A swamp drake (Lair:8)
  15 orc warriors
  A sky beast (D:8)
  A necrophage (D:10)
  A wasp (D:8)
  2 phantoms
  19 ogres
  18 crocodiles
  5 centaurs
  26 wolves
  9 big kobolds
  23 giant frogs
  3 gnoll sergeants (D:12)
  5 scorpions
  10 killer bees
  5 wights (D:11)
  A howler monkey (D:4)
  4 centaur zombies (D:12)
  4 crimson imps
  A giant frog zombie (D:7)
  20 hounds
  A quasit (D:9)
  8 orc priests
  7 jellies
  11 orc wizards
  3 centaur skeletons
  A gnoll shaman (D:8)
  Ijyb (D:3)
  8 iguanas
  Natasha (thrice) (D:4)
  5 hell rats (Lair:6)
  7 worker ants
  45 sheep
  2 hound zombies
  A hound skeleton (D:4)
  7 adders
  10 gnolls
  58 river rats
  4 shadow imps
  13 oozes
  2 adder skeletons
  5 worms
  3 dart slugs
  3 giant geckos
  75 orcs
  2 ball pythons
  4 giant cockroaches
  5 goblins
  4 hobgoblins
  17 jackals
  5 quokkas
  5 bats
  A giant gecko skeleton (D:7)
  5 giant newts
  A jackal skeleton (D:7)
  33 kobolds
  A quokka zombie (D:9)
  5 rats
  5 plants
907 creatures vanquished.

Vanquished Creatures (others)
  3 yaks (Lair:7)
  A giant frog (Lair:7)
  23 fungi
  18 plants
45 creatures vanquished.

Grand Total: 952 creatures vanquished

Notes
Turn   | Place    | Note
--------------------------------------------------------------
     0 | D:1      | Kloppie the Formicid Fighter began the quest for the Orb.
     0 | D:1      | Reached XP level 1. HP: 18/18 MP: 1/1
   399 | D:1      | Reached XP level 2. HP: 20/24 MP: 2/2
   782 | D:2      | Reached XP level 3. HP: 28/29 MP: 3/3
   800 | D:2      | Found a radiant altar of Vehumet.
   810 | D:2      | Found a sacrificial altar of Ru.
   904 | D:2      | Found an iron altar of Okawaru.
   950 | D:2      | Became a worshipper of Warmaster Okawaru
   968 | D:2      | Reached XP level 4. HP: 36/37 MP: 4/4
  1522 | D:3      | Noticed Ijyb
  1545 | D:3      | Killed Ijyb
  1545 | D:3      | Reached skill level 3 in Long Blades
  1643 | D:3      | Reached XP level 5. HP: 43/43 MP: 5/5
  1764 | D:3      | Noticed Purgy
  2006 | D:4      | Noticed Natasha
  2014 | D:4      | Killed Natasha
  2014 | D:4      | Reached * piety under Okawaru
  2061 | D:4      | Reached skill level 5 in Fighting
  2061 | D:4      | Reached XP level 6. HP: 46/51 MP: 6/6
  2307 | D:4      | Noticed Natasha
  2316 | D:4      | Killed Natasha
  2401 | D:4      | Reached skill level 1 in Invocations
  2452 | D:4      | Found a staircase to the Ecumenical Temple.
  2480 | D:4      | Reached skill level 4 in Long Blades
  2493 | Temple   | Entered the Ecumenical Temple
  2754 | D:4      | Found an ancient bone altar of Kikubaaqudgha.
  2839 | D:4      | Noticed Natasha
  2845 | D:4      | Killed Natasha
  3207 | D:5      | Entered Level 5 of the Dungeon
  3234 | D:5      | Reached XP level 7. HP: 48/56 MP: 8/8
  3266 | D:5      | Got a jacinth-encrusted ring mail
  3286 | D:5      | Identified the cursed +0 ring mail "Ugiesm" {+Blink rF+ MR- Int+3} (You found it on level 5 of the Dungeon)
  3304 | D:5      | Reached skill level 5 in Armour
  3328 | D:5      | Reached ** piety under Okawaru
  3378 | D:5      | Found Etap's Assorted Antiques.
  3395 | D:5      | Bought a pair of gloves for 99 gold pieces
  3395 | D:5      | Bought a scroll of identify for 44 gold pieces
  3493 | D:5      | Reached skill level 5 in Long Blades
  3507 | D:5      | Reached XP level 8. HP: 54/65 MP: 9/9
  4381 | D:6      | Reached *** piety under Okawaru
  4381 | D:6      | Reached skill level 6 in Long Blades
  4709 | D:7      | Reached XP level 9. HP: 72/72 MP: 10/10
  4720 | D:7      | Found a bloodstained altar of Trog.
  4726 | D:7      | Noticed Menkaure
  4734 | D:7      | Killed Menkaure
  4967 | D:7      | Reached skill level 5 in Shields
  5232 | D:7      | Reached skill level 7 in Long Blades
  5478 | D:7      | Found an oddly glowing altar of Pakellas.
  5653 | D:8      | Noticed Peloso's ghost (novice MiFi)
  5687 | D:8      | Killed Peloso's ghost
  5687 | D:8      | Reached **** piety under Okawaru
  5796 | D:8      | Reached XP level 10. HP: 44/82 MP: 9/11
  6012 | D:8      | Found a staircase to the Lair.
  6020 | D:8      | Noticed a komodo dragon
  6064 | D:8      | Killed a komodo dragon
  6064 | D:8      | Reached skill level 8 in Long Blades
  6446 | D:8      | Found a sparkling altar of Nemelex Xobeh.
  7034 | D:8      | Found a white marble altar of Elyvilon.
  7100 | D:8      | Found an oddly glowing altar of Pakellas.
  7164 | Lair:1   | Entered Level 1 of the Lair of Beasts
  7164 | Lair:1   | Noticed a spiny frog
  7177 | Lair:1   | Killed a spiny frog
  7177 | Lair:1   | Reached skill level 10 in Fighting
  7412 | Lair:1   | Noticed a spiny frog
  7427 | Lair:1   | Killed a spiny frog
  7427 | Lair:1   | Reached skill level 9 in Long Blades
  7815 | Lair:1   | Reached ***** piety under Okawaru
  7928 | Lair:1   | Reached XP level 11. HP: 41/92 MP: 10/12
  8342 | Lair:1   | Received a gift from Okawaru
  8663 | Lair:1   | Reached skill level 10 in Long Blades
  8679 | Lair:1   | Reached skill level 5 in Invocations
  9284 | Lair:1   | Received a gift from Okawaru
  9285 | Lair:1   | Got an encrusted scimitar {god gift}
  9286 | Lair:1   | Identified the +6 scimitar of Vijotaasm {flame, *Confuse Int+4 Dex+2} (Okawaru gifted it to you on level 1 of the Lair of Beasts)
  9302 | Lair:1   | Noticed a six-headed hydra
  9310 | Lair:1   | Killed a two-headed hydra
  9310 | Lair:1   | Reached XP level 12. HP: 69/100 MP: 16/16
 11341 | Lair:2   | Noticed a five-headed hydra
 11351 | Lair:2   | Killed a one-headed hydra
 11351 | Lair:2   | Received a gift from Okawaru
 11457 | Lair:2   | Reached skill level 11 in Long Blades
 11887 | Lair:2   | Noticed a four-headed hydra
 11898 | Lair:2   | Killed a one-headed hydra
 12309 | Lair:3   | Noticed a seven-headed hydra
 12322 | Lair:3   | Killed a two-headed hydra
 12329 | Lair:3   | Found a frozen archway.
 12354 | IceCv    | Entered an ice cave
 12359 | IceCv    | Reached XP level 13. HP: 79/109 MP: 18/18
 12417 | IceCv    | Reached skill level 12 in Long Blades
 13102 | IceCv    | Noticed an ice dragon
 13136 | IceCv    | Killed an ice dragon
 13280 | IceCv    | Noticed an ice dragon
 13300 | IceCv    | Killed an ice dragon
 13820 | Lair:3   | Reached skill level 13 in Long Blades
 14407 | Lair:3   | Received a gift from Okawaru
 15009 | Lair:4   | Noticed Rupert
 15047 | Lair:4   | Killed Rupert
 15531 | Lair:4   | Reached skill level 14 in Long Blades
 15725 | Lair:5   | Reached XP level 14. HP: 30/119 MP: 6/19
 16122 | Lair:5   | Found a staircase to the Snake Pit.
 16646 | Lair:6   | Noticed Kirke
 16853 | Lair:6   | Killed Kirke
 16858 | Lair:6   | Reached skill level 10 in Armour
 16911 | Lair:6   | Found a staircase to the Swamp.
 16938 | Lair:6   | Noticed Snorg
 16962 | Lair:6   | Killed Snorg
 17986 | Lair:7   | Received a gift from Okawaru
 18175 | Lair:7   | Received a gift from Okawaru
 18186 | Lair:7   | Got an ichor-stained falchion {god gift}
 18187 | Lair:7   | Identified the +2 falchion of Okawaru's Condemnation {freeze, rPois} (Okawaru gifted it to you on level 7 of the Lair of Beasts)
 18249 | Lair:7   | Found a staircase to the Slime Pits.
 18372 | Lair:7   | Reached skill level 1 in Dodging
 19392 | Lair:7   | Reached XP level 15. HP: 120/127 MP: 18/20
 19490 | Lair:7   | Reached ****** piety under Okawaru
 19506 | Lair:7   | Received a gift from Okawaru
 20408 | D:9      | Found a white marble altar of Elyvilon.
 20607 | D:9      | Reached skill level 5 in Dodging
 21076 | D:10     | Entered Level 10 of the Dungeon
 21182 | D:10     | Noticed Grum
 21209 | D:10     | Killed Grum
 21558 | D:10     | Noticed Maurice
 21568 | D:10     | Killed Maurice
 23431 | D:12     | Found a staircase to the Orcish Mines.
 23467 | D:12     | Received a gift from Okawaru
 23744 | D:12     | Found a shadowy altar of Dithmenos.
 24184 | Lair:1   | Gained mutation: You are partially covered in slimy green scales (AC +2). [potion of mutation]
 24184 | Lair:1   | Gained mutation: You expend magic power (3 MP) to strengthen your wands. [potion of mutation]
 24184 | Lair:1   | Gained mutation: You are weak. (Str -2) [potion of mutation]
 24185 | Lair:1   | Gained mutation: You are agile. (Dex +2) [potion of beneficial mutation]
 24186 | Lair:1   | Gained mutation: You are surrounded by a mild repulsion field (EV +2). [potion of beneficial mutation]
 24356 | Orc:1    | Entered Level 1 of the Orcish Mines
 24400 | Orc:1    | Found a roughly hewn altar of Beogh.
 24455 | Orc:1    | Found a dark tunnel.
 24517 | Orc:1    | Found a roughly hewn altar of Beogh.
 25060 | Orc:2    | Entered Level 2 of the Orcish Mines
 25060 | Orc:2    | Found a staircase to the Elven Halls.
 25060 | Orc:2    | Found Kauffiug's Antique Weapon Shoppe.
 25060 | Orc:2    | Noticed a stone giant
 25097 | Orc:1    | Killed a stone giant
 25520 | Orc:2    | Found Roanuedel's Antique Armour Emporium.
 26096 | Orc:2    | Bought a triple sword for 340 gold pieces
 26202 | Orc:2    | Found Meheirphuz's Book Shop.
 26225 | Orc:2    | Received a gift from Okawaru
 26499 | Orc:2    | Noticed Josephine
 26534 | Orc:2    | Killed Josephine
 26534 | Orc:2    | Reached XP level 16. HP: 134/134 MP: 21/21
 26612 | Orc:2    | Found Feanu's General Store.
 26637 | Orc:2    | Reached skill level 15 in Long Blades
 26826 | Orc:2    | Bought a scroll of brand weapon for 260 gold pieces
 26826 | Orc:2    | Bought an ornate deck of defence for 260 gold pieces
 27144 | Orc:2    | Bought a pair of glowing gloves for 162 gold pieces
 27530 | Lair:8   | Entered Level 8 of the Lair of Beasts
 27683 | Lair:8   | Received a gift from Okawaru
 27684 | Lair:8   | Got a steaming cloak {god gift}
 27718 | Lair:8   | Identified the +1 cloak "Zeushrem" {rCorr Str+2 SInv Stlth-} (Okawaru gifted it to you on level 8 of the Lair of Beasts)
 27928 | Lair:8   | Identified a scroll of acquirement
 28228 | Lair:8   | Reached skill level 15 in Fighting
 29872 | D:13     | Reached skill level 16 in Long Blades
 30023 | D:13     | Noticed nocturnal's ghost (journeyman DEFE)
 30048 | D:13     | Killed nocturnal's ghost
 30116 | D:13     | Noticed Azrael
 30149 | D:13     | Received a gift from Okawaru
 30150 | D:13     | HP: 5/138 [Azrael/damnation (45)]
 30155 | D:13     | HP: 2/138 [Azrael/damnation (28)]
 30168 | D:13     | Killed from afar by Azrael

Skill      XL: |  1  2  3  4  5  6  7  8  9 10 11 12 13 14 15 16 |
---------------+-------------------------------------------------+-----
Fighting       | 4 5 6 7 8 10 11 12 13 14 15 | 15.8
Armour         | 4 5 6 8 9 11 13 | 13.8
Long Blades    | 3 4 5 6 7 9 10 11 14 16 | 16.1
Invocations    | 2 6 7 |  7.5
Shields        | 4 7 9 |  9.2
Dodging        | 3 7 9 |  9.1

Action                   |  1- 3 |  4- 6 |  7- 9 | 10-12 | 13-15 | 16-18 || total
-------------------------+-------+-------+-------+-------+-------+-------++-------
Melee: Long sword        |    78 |   157 |   353 |   348 |       |       ||   936
       Scimitar          |       |       |       |   513 |  1804 |    31 ||  2348
       Falchion          |       |       |       |       |    81 |       ||    81
       Unarmed           |       |       |       |       |     6 |       ||     6
       Great sword       |       |       |       |       |    27 |   773 ||   800
Invok: Heroism           |       |       |     7 |     5 |    15 |     2 ||    29
       Finesse           |       |       |       |       |     6 |       ||     6
 Abil: Dig               |       |       |       |     1 |     9 |     4 ||    14
Evoke: Wand              |       |       |       |       |     1 |       ||     1
  Use: Scroll            |     3 |     3 |     9 |     6 |    16 |     5 ||    42
       Potion            |       |     1 |       |     6 |     5 |     6 ||    18
  Eat: Chunk             |       |     8 |     6 |    18 |    28 |     9 ||    69
       Bread ration      |       |       |     1 |     2 |     2 |       ||     5
       Fruit             |       |       |       |       |     1 |       ||     1
       Meat ration       |       |       |       |       |     2 |       ||     2
       Beef jerky        |       |       |       |       |     1 |       ||     1
Armor: Scale mail        |    41 |    55 |   114 |    62 |       |       ||   272
       Plate armour      |       |       |       |   278 |   447 |       ||   725
       Chain mail        |       |       |       |       |    11 |   250 ||   261
Dodge: Dodged            |    29 |    35 |   100 |   198 |   673 |   566 ||  1601
Block: Shield            |    51 |    86 |   188 |   494 |   905 |   494 ||  2218
